 Dungeon Crawl Stone Soup version 0.30-a0-4-ga7cffc901d (webtiles) character file.

Game seed: 17471943723516440312

728 purpskrrrp the Scholar of Death (level 7, -1/46 HPs)
             Began as a Mummy Necromancer on Aug 21, 2022.
             Was a Follower of Kikubaaqudgha.
             Slain by a phantom (3 damage)
             ... on level 5 of the Dungeon.
             The game lasted 00:14:59 (6618 turns).

purpskrrrp the Scholar of Death (Mummy Necromancer) Turns: 6618, Time: 00:14:59

Health: -1/46      AC:  3    Str: 11    XL:     7   Next: 44%
Magic:  14/14      EV: 13    Int: 17    God:    Kikubaaqudgha [*.....]
Gold:   198        SH:  0    Dex: 12    Spells: 12/16 levels left

rFire   . . .      SeeInvis .    h - +3 falchion (drain)
rCold   + . .      Faith    .    g - orb {guile}
rNeg    + + +      Spirit   .    a - +0 robe
rPois   ∞          Reflect  .    (no helmet)
rElec   .          Harm     .    o - +0 cloak
rCorr   +          Rampage  .    (no gloves)
Will    .....                    (no boots)
Stlth   ++........               (no amulet)
HPRegen 0.15/turn                j - ring of protection from fire
MPRegen 0.14/turn                n - ring of resist corrosion

@: no status effects
A: cold resistance 1, negative energy resistance 3, torment resistance 2, heat
vulnerability 1, in touch with death 1, no potions
a: Renounce Religion, Unearth Wretches


You were on level 5 of the Dungeon.
You worshipped Kikubaaqudgha.
Kikubaaqudgha was aware of your devotion.
You visited 2 branches of the dungeon, and saw 6 of its levels.

You collected 198 gold pieces.

Inventory:

Hand Weapons
 h - a +3 falchion of draining (weapon)
Armour
 a - a +0 robe (worn)
 g - an orb of guile (worn)
 o - a +0 cloak (worn)
Jewellery
 j - a ring of protection from fire (left hand)
 n - a ring of resist corrosion (right hand)
Scrolls
 c - a scroll of noise
 e - a scroll of fear
 l - a scroll of enchant armour
 p - a scroll of amnesia


   Skills:
 + Level 3.4 Dodging
 + Level 3.7 Stealth
 + Level 5.2 Spellcasting
 * Level 6.4 Necromancy


You had 12 spell levels left.
You knew the following spells:

 Your Spells              Type           Power      Damage    Failure   Level
a - Necrotise             Necr           100%       1d9       1%          1
b - Vampiric Draining     Necr           39%        2d8       3%          3

Your spell library contained the following spells:

 Spells                   Type           Power      Damage    Failure   Level
 Animate Dead             Necr           39%        N/A       10%         4
 Agony                    Necr           39%        N/A       28%         5
 Anguish                  Hex/Necr       11%        N/A       36%         4


Dungeon Overview and Level Annotations

Branches:
Dungeon (5/15)             Temple (1/1) D:4

Altars:
Ashenzari
Gozag
Kikubaaqudgha
Makhleb
Nemelex Xobeh
Okawaru
Ru
Uskayaw
Vehumet


Innate Abilities, Weirdness & Mutations

You are immune to poison.
Your flesh is cold resistant. (rC+)
You are immune to negative energy. (rN+++)
You are immune to unholy pain and torment.
You are vulnerable to heat. (rF-)
You are in touch with the powers of death.
You do not drink.


Message History

You hit the phantom.
The phantom is heavily damaged.
The phantom hits you.
You hit the phantom but do no damage.
The phantom is heavily damaged.
The phantom closely misses you. The phantom hits you.
The phantom blinks!
You blink.
You are too injured to fight recklessly!
You are too injured to fight recklessly!
You are too injured to fight recklessly!
You are too injured to fight recklessly!
You are too injured to fight recklessly!
You are too injured to fight recklessly!
You are too injured to fight recklessly!
You are too injured to fight recklessly!
You are too injured to fight recklessly!
You slash the phantom!
The phantom is almost destroyed.
The phantom hits you.
You barely miss the phantom.
The phantom is almost destroyed.
The phantom closely misses you.
You miss the phantom.
The phantom is almost destroyed.
The phantom hits you!
* * * LOW HITPOINT WARNING * * *
You completely miss the phantom.
The phantom is almost destroyed.
The phantom hits you.
* * * LOW HITPOINT WARNING * * *
The phantom closely misses you.
You can't see any enemies this would affect, really read the scroll of fear?
Okay, then.
As you read the scroll of summoning, it crumbles to dust.
Wisps of shadow whirl around you... The phantom hits you.
* * * LOW HITPOINT WARNING * * *
The phantom blinks!
You blink.
The phantom attacks as you move away! The phantom hits you.
You die...
Kikubaaqudgha rasps: "You have failed me!
Welcome... oblivion!"

#
##################
'................#
#.....###'''###..#
#.....#.......#.@#
#+##..#.PPPPP.#W.#
...#..#.P...P.#..#
...#..#.P._.P.#..#
...#..#.......#..#
...#..#########.J#
...#... #......§.#
...######...##...#
##.....##...##...#


You could see a phantom (ally target) and a friendly jelly (summoned).

Vanquished Creatures
  A black bear (D:5)
  2 phantoms (D:5)
  2 scorpions
  A jelly (D:4)
  2 orc priests (D:4)
  3 iguanas (D:4)
  An orc wizard (D:3)
  6 adders
  2 dart slugs
  10 orcs
  11 ball pythons
  8 bats
  8 endoplasms
  6 goblins
  10 hobgoblins
  2 jackals (D:3)
  3 quokkas
  2 frilled lizards (D:1)
  6 kobolds
  9 rats
95 creatures vanquished.

Vanquished Creatures (collateral kills)
  A hound (D:4)
  A dart slug (D:4)
  A frilled lizard (D:1)
  A kobold (D:3)
4 creatures vanquished.

Grand Total: 99 creatures vanquished

Notes
Turn   | Place    | Note
-------+----------+-------------------------------------------
     0 | D:1      | purpskrrrp the Mummy Necromancer began the quest for the
                  | Orb.
     0 | D:1      | Reached XP level 1. HP: 13/13 MP: 4/4
   188 | D:1      | Reached XP level 2. HP: 12/19 MP: 0/5
  1095 | D:1      | Gained mutation: You are in touch with the powers of death.
                  | [Mummy growth]
  1095 | D:1      | Reached XP level 3. HP: 24/24 MP: 4/7
  1463 | D:2      | Found a faded altar of an unknown god.
  1860 | D:2      | Reached XP level 4. HP: 30/30 MP: 2/9
  3000 | D:3      | Found a hide-covered altar of Uskayaw.
  3622 | D:4      | Reached XP level 5. HP: 35/35 MP: 6/10
  3720 | D:4      | Found a staircase to the Ecumenical Temple.
  3743 | D:4      | Reached skill level 5 in Necromancy
  3750 | Temple   | Entered the Ecumenical Temple
  4006 | Temple   | Became a worshipper of Kikubaaqudgha
  4274 | D:4      | Reached XP level 6. HP: 27/41 MP: 5/12
  5218 | D:5      | Entered Level 5 of the Dungeon
  5224 | D:5      | Found a broken altar of Ashenzari.
  5467 | D:5      | Reached skill level 6 in Necromancy
  5467 | D:5      | Reached XP level 7. HP: 46/46 MP: 7/14
  5666 | D:5      | Learned a level 3 spell: Vampiric Draining
  5985 | D:5      | Reached skill level 5 in Spellcasting
  6223 | D:5      | Reached * piety under Kikubaaqudgha
  6223 | D:5      | Received a gift from Kikubaaqudgha
  6593 | D:5      | Found a sparkling altar of Nemelex Xobeh.
  6617 | D:5      | HP: 2/46 [phantom (6)]
  6618 | D:5      | Slain by a phantom

Illustrated notes

Levels and vault maps discovered:
D:1:      amcnicky_arrival_wind_blow, layout_loops_ring,
          amcnicky_mini_corridor_feature
D:2:      layout_loops_ring, ebering_ecumenical_altar_webs, minmay_3d_cube
D:3:      layout_basic, nicolae_uskayaw_murder_on_the_dancefloor,
          minmay_misc_feat_columns
D:4:      layout_basic, minmay_temple_entry_large_hall, serial_rivers,
          chequers_serial_rivers_large_a, chequers_serial_rivers_micro_b,
          chequers_serial_rivers_marsh, chequers_serial_rivers_small_3,
          minmay_crossroads
D:5:      layout_gridville, mainiacjoe_overflow_alcove_4,
          evilmike_ruin_ashenzari
Temple:   hellmonk_temple_beads

Skill      XL: |  1  2  3  4  5  6  7 |
---------------+----------------------+-----
Spellcasting   | 3 4 5 |  5.2
Stealth        | 2 3 |  3.7
Dodging        | 2 3 |  3.4
Necromancy     | 5 6 |  6.4

Action                   |  1- 3 |  4- 6 |  7- 9 || total
-------------------------+-------+-------+-------++-------
Melee: Unarmed           |    23 |       |       ||    23
       Falchion          |       |     1 |    59 ||    60
 Cast: Necrotise         |    72 |   118 |     2 ||   192
  Use: Scroll            |     2 |       |    13 ||    15
Armor: Robe              |    11 |     3 |     6 ||    20
Dodge: Dodged            |    36 |    20 |    42 ||    98

Table legend: (Time is in decaauts)
 A = Elapsed time spent in this place.
 B = Non-inter-level travel time spent in this place.
 C = Inter-level travel time spent in this place.
 D = Time resting spent in this place.
 E = Time spent auto-exploring this place.
 F = Levels seen in this place.
 G = Mean time per level.
                   A        B        C        D        E       F      G
               +--------+--------+--------+--------+--------+-----+--------+
         Total |   6653 |   6518 |    135 |   1461 |   4135 |   6 | 1108.8 |
       Dungeon |   6370 |   6235 |    135 |   1461 |   3966 |   5 | 1274.0 |
        Temple |    282 |    282 |      0 |      0 |    169 |   1 |  282.0 |
               +--------+--------+--------+--------+--------+-----+--------+

Top non-repeatable levels by time:
     D:1: 1418 daAuts
     D:5: 1416 daAuts
     D:4: 1347 daAuts
     D:3: 1197 daAuts
     D:2: 990 daAuts
  Temple: 282 daAuts
